 Dungeon Crawl Stone Soup version 0.30.0-12-gd5a94ecb5d (webtiles) character file.

Game seed: 16056904160775941337

114 DenSaoPin the Insei (level 4, -5/32 HPs)
             Began as a Merfolk Transmuter on May 17, 2023.
             Killed by divine providence
             ... invoked by an orc priest
              (14 damage)
             ... on level 3 of the Dungeon.
             The game lasted 00:07:15 (1923 turns).

DenSaoPin the Insei (Merfolk Transmuter)            Turns: 1923, Time: 00:07:16

Health: -5/32      AC:  2    Str: 12    XL:     4   Next: 98%
Magic:  6/7        EV: 12    Int: 12    God:
Gold:   99         SH:  0    Dex: 14    Spells: 3/7 levels left

rFire   . .          .
                       - Unarmed
rCold   . . .        (no shield)
rNeg    . . .        a - +0 robe
rPois   .            n - melded +0 helmet
rElec   .            (no cloak)
rCorr   .            (no gloves)
SInv    .            (boots currently unavailable)
Will    .....        (no amulet)
Stlth   +            (no ring)
HPRegen 0.25/turn    (no ring)
MPRegen 0.10/turn

%: no passive effects
@: appendages (expiring)
A: horns 2, (nimble swimmer 2), mertail
a: End Transformation


You were on level 3 of the Dungeon.
You had temporarily grown beastly horns.
You visited 1 branch of the dungeon, and saw 3 of its levels.

You collected 99 gold pieces.

Inventory:

Hand Weapons
 o - a +1 spear of distortion
Missiles
 f - 2 throwing nets
 m - 6 silver javelins
Armour
 a - a +0 robe (worn)
 n - a +0 helmet (melded)
Scrolls
 c - 2 scrolls of teleportation {unknown}
 e - a scroll of blinking {unknown}
 k - a scroll of immolation {unknown}
 l - 2 scrolls of amnesia {unknown}
 p - 2 scrolls of identify {unknown}
Potions
 b - 2 potions of lignification
 d - a potion of degeneration {unknown}
 g - a potion of brilliance {unknown}
 h - 2 potions of curing {unknown}
 i - 3 potions of flight {unknown}
 j - a potion of mutation {unknown}


   Skills:
 - Level 1.1 Fighting
 * Level 2.6 Dodging
 - Level 6.0 Unarmed Combat
 - Level 2.0 Spellcasting
 + Level 0.0 Hexes
 + Level 2.6 Transmutations


You had 3 spell levels left.
You knew the following spells:

 Your Spells              Type           Power      Damage    Failure   Level
a - Beastly Appendage     Tmut           14%        N/A       9%          1
b - Wereblood             Tmut           7%         N/A       14%         2
c - Slow                  Hex            4%         N/A       26%         1

Your spell library contained the following spells:

 Spells                   Type           Power      Damage    Failure   Level
 Spider Form              Tmut/Pois      4%         N/A       43%         3
 Confusing Touch          Hex            1%         N/A       63%         3
 Inner Flame              Hex/Fire       1%         N/A       63%         3
 Vampiric Draining        Necr           1%         2d6       63%         3
 Ice Form                 Ice/Tmut       4%         N/A       83%         4
 Yara's Violent Unravell  Hex/Tmut       2%         3d3       99%         5
 Enfeeble                 Hex            0%         N/A       100%        7


Dungeon Overview and Level Annotations

Branches:
Dungeon (3/15)

Altars:


Innate Abilities, Weirdness & Mutations

You have temporarily grown beastly horns.
((You are very nimble when in or above water. (Stealth+, EV+, Speed+++)))
Your lower body shifts to a powerful aquatic tail in water.


Message History

You open the door.
There is an open door here.
There is a stone staircase leading down here.
You climb downwards.
The orc priest shouts!
The orc shouts!
The orc wizard shouts!
Found a scroll labelled ERRAWN YNEOZXA.
There is a stone staircase leading up here.
You grow a pair of large bovine horns.
Your +0 helmet melds into your body.
The orc barely misses you. The orc priest hits you with a +0 club.
You barely miss the orc priest. You headbutt the orc priest.
The orc priest is moderately wounded.
You hit the orc priest.
The orc priest is severely wounded.
The orc priest miscasts a cantrip.
The orc hits you with a +0 dagger.
You hit the orc priest but do no damage.
You headbutt the orc priest.
The orc priest is severely wounded.
The orc priest barely misses you.
The orc wizard hits you with a +0 dagger.
The orc completely misses you.
You hit the orc priest. Your headbutt misses the orc priest.
The orc priest is almost dead.
The orc priest invokes the aid of Beogh against you.
Beogh smites you! The orc wizard barely misses you. The orc barely misses you.
You hit the orc priest. Your punch misses the orc priest.
The orc priest is almost dead.
Your transformation is almost over.
The orc closely misses you.
The orc priest calls down the wrath of Beogh upon you.
You barely resist. The orc wizard barely misses you.
You hit the orc priest but do no damage.
Your headbutt misses the orc priest.
The orc priest is almost dead.
The orc wizard casts a spell at you. The magic dart hits you.
The orc hits you with a +0 dagger.
* * * LOW HITPOINT WARNING * * *
The orc priest mumbles some strange prayers to Beogh against you.
Beogh smites you!
You die...

#. ## #. #. #..
#. #...#.
##...#.###
#........######
..#....oo......
..?....@o....#
###...#...#.##
#.. ##..# #.
#.# # ##


You could see an orc priest, an orc wizard and an orc.

Vanquished Creatures
  Robin (D:2)
  4 adders (D:2)
  A worm (D:2)
  5 dart slugs
  4 endoplasms
  2 giant cockroaches
  12 goblins
  6 hobgoblins (D:2)
  3 quokkas
  6 ball pythons
  4 bats (D:1)
  4 frilled lizards
  2 kobolds
  3 rats (D:1)
57 creatures vanquished.

Notes
Turn   | Place    | Note
-------+----------+-------------------------------------------
     0 | D:1      | DenSaoPin the Merfolk Transmuter began the quest for the
                  | Orb.
     0 | D:1      | Reached XP level 1. HP: 15/15 MP: 3/3
   116 | D:1      | Reached XP level 2. HP: 17/21 MP: 5/5
   158 | D:1      | Reached skill level 4 in Unarmed Combat
   176 | D:1      | Learned a level 2 spell: Wereblood
   534 | D:1      | Reached XP level 3. HP: 25/26 MP: 6/6
   938 | D:2      | Reached skill level 5 in Unarmed Combat
  1059 | D:2      | Noticed Robin
  1087 | D:2      | Reached XP level 4. HP: 24/32 MP: 2/7
  1119 | D:2      | Killed Robin
  1429 | D:2      | Reached skill level 6 in Unarmed Combat
  1714 | D:2      | Learned a level 1 spell: Slow
  1923 | D:3      | Killed from afar by an orc priest

Illustrated notes

Levels and vault maps discovered:
D:1:      dpeg_chamrin_arrival_tetris, layout_loops_ring
D:2:      layout_basic, uniq_robin
D:3:      gammafunk_steamed_eel, layout_loops_ring,
          mainiacjoe_overflow_24_doors, mainiacjoe_overflow_six_doors_small,
          serial_shops, shop, uniq_grinder

Skill      XL: |  1  2  3  4 |
---------------+-------------+-----
Unarmed Combat | 4 5 6 |  6.0
Fighting       | |  1.1
Dodging        | |  2.6
Spellcasting   | |  2.0
Transmutations | |  2.6

Action                     |  1- 3 |  4- 6 || total
---------------------------+-------+-------++-------
  Melee: Unarmed           |   110 |    78 ||   188
         Punch             |     2 |     2 ||     4
         Headbutt          |     1 |     6 ||     7
   Cast: Beastly Appendage |     1 |     4 ||     5
         Wereblood         |     1 |       ||     1
   Stab: Sleeping          |     2 |       ||     2
 Armour: Robe              |    18 |     7 ||    25
  Dodge: Dodged            |    81 |    44 ||   125
